Description

Avilo, the mech God

Safe Start Mech against _EG Incontrol_ :

Extended SALT code below:

SALT Code Here

VOD begins around 2h16'

VOD

https://www.twitch.tv/avilo/v/87201984

Replay - Coda LE

Build Order

Get SALT Encoding   

  1  0:00  Orbital Command  
  14  0:34  Supply Depot  
  15  0:45  Refinery  
  16  1:01  Barracks  
  17  1:13  Refinery  
  19  1:50  Factory  
  19  1:53  Orbital Command  
  20  2:07  Supply Depot  
  20  2:13  Barracks Tech Lab  
  21  2:35  Starport  
  23  2:47  Barracks Tech Lab  
  23  2:53  Cyclone  
  23  2:58  Supply Depot  
  29  3:18  Cloaking Field  
  29  3:21  Banshee  
  29  3:23  Barracks Reactor  
  35  3:49  Command Center  
  35  4:00  Marine x2  
  39  4:18  Supply Depot  
  39  4:39  Marine x2  
  39  4:44  Bunker, Banshee  
  46  4:55  Supply Depot  
  46  4:59  Engineering Bay  
  46  5:01  Cyclone  
  53  5:18  Orbital Command  
  54  5:28  Raven  
  54  5:33  Siege Tank  
  62  5:54  Missile Turret  
  62  5:57  Missile Turret  
  64  6:06  Refinery  
  64  6:07  Refinery  
  65  6:12  Marine x2  
  67  6:19  Banshee  
  70  6:45  Cyclone, Marine x2  
  80  7:01  Banshee  
  80  7:02  Marine x2  
  87  7:20  Siege Tank  
  91  7:26  Marine x2  
  91  7:27  Command Center, SCV  
  94  7:38  Factory, SCV  
  95  7:45  SCV  
  95  7:46  Marine x2  
  95  7:49  Factory  
  95  7:50  SCV  
  99  8:10  Armory  
  99  8:13  SCV x2  
  99  8:14  Marine x2  
  103  8:21  Factory Reactor  
  103  8:48  Starport  
  103  8:49  Starport  
  103  8:58  Fusion Core  
  103  9:00  Drilling Claws  
  103  9:10  Barracks Tech Lab  
  103  9:20  Widow Mine x2  
  115  9:37  Starport Tech Lab  
  115  9:38  Starport Tech Lab  
Spawning Tool Build Advisor. Get it on Overwolf

Analysis

Avilo Safe Start Mech:

Avilo starts fast cyclone into cloak banshee to defend against early oracle and adepts. Then he begin to harrass the oponent with cloak banshee and target worker mineral line. Then he expands safely making tanks, ravens and marines. Mid game configures the army as widows, marine, tanks, cyclones and a few vikings. Speed banshee tech begins and Air weapon upgrade too.

Go to:

Details

  • Created by: ruffles
  • Published on: Sep 08, 2016
  • Modified on: Sep 08, 2016
  • Patch: Pre-3.8.0
Show
View Real Time Build Order
Export as new Build Order

Comments (0)

There are no comments. Be the first!

Create an account to comment!